 Dungeon Crawl Stone Soup version 0.30-a0-297-g0ec75d9ef4 (webtiles) character file.

Game seed: 3444606646360970932

5396 lunkers the Nimble (level 11, -9/99 HPs)
             Began as a Meteoran Fighter on Oct 18, 2022.
             Was an Elder of Okawaru.
             Mangled by a komodo dragon (18 damage)
             ... on level 3 of the Lair of Beasts.
             The game lasted 00:09:05 (4381 turns).

lunkers the Nimble (Meteoran Fighter)               Turns: 4381, Time: 00:09:05

Health: -9/99      AC: 10    Str: 18    XL:     11   Next: 18%
Magic:  15/15      EV: 21    Int: 12    God:    Okawaru [****..]
Gold:   358        SH:  5    Dex: 19    Spells: 10/10 levels left

rFire   . . .      SeeInvis +    a - +3 falchion (elec)
rCold   . . .      Faith    .    c - +0 buckler
rNeg    + . .      Spirit   .    t - +0 swamp dragon scales
rPois   +          Reflect  .    K - +0 helmet {Int+3}
rElec   .          Harm     .    (no cloak)
rCorr   .          Rampage  .    D - +0 pair of gloves
Will    +....                    l - -1 pair of boots of Utasekh {Slay+6 SInv}
Stlth   +.........               (no amulet)
HPRegen 0.36/turn                v - +4 ring of evasion
MPRegen 0.14/turn                G - ring of positive energy

@: glowing
A: sense surroundings 2, otherworldly, glowing, explore regen
a: Renounce Religion, Heroism, Finesse


You were on level 3 of the Lair of Beasts.
You worshipped Okawaru.
Okawaru was greatly pleased with you.
You visited 2 branches of the dungeon, and saw 12 of its levels.

You collected 358 gold pieces.

Inventory:

Hand Weapons
 a - a +3 falchion of electrocution (weapon)
 b - a +1 short sword of holy wrath
 j - a +1 rapier of draining
 C - a +2 flail of holy wrath
Missiles
 d - a boomerang
 f - 5 javelins
 g - 78 stones
 y - 4 curare-tipped darts
 A - a throwing net
Armour
 c - a +0 buckler (worn)
 l - the -1 pair of boots of Utasekh (worn) {Slay+6 SInv}
   (You found it on level 8 of the Dungeon)

   Slay:      It affects your accuracy & damage with ranged weapons and melee
   (+6).
   SInv:      It lets you see invisible.
 t - +0 swamp dragon scales (worn)
 D - a +0 pair of gloves (worn)
 H - a +1 pair of boots
 K - a +0 helmet of intelligence (worn)
Jewellery
 v - a +4 ring of evasion (left hand)
 G - a ring of positive energy (right hand)
Wands
 u - a wand of flame (21)
 J - a wand of iceblast (2)
Scrolls
 i - 2 scrolls of vulnerability
 k - 2 scrolls of fear
 n - a scroll of blinking
 q - 2 scrolls of poison
 x - 2 scrolls of amnesia
 z - 2 scrolls of identify
Potions
 e - 2 potions of lignification
 h - a potion of might
 m - a potion of magic {unknown}
 o - 2 potions of brilliance {unknown}
 p - 5 potions of curing
 r - a potion of degeneration
 s - 3 potions of mutation
 w - 3 potions of heal wounds
 B - a potion of attraction {unknown}
 E - a potion of berserk rage {unknown}
 F - a potion of ambrosia {unknown}
 I - a potion of haste {unknown}


   Skills:
 - Level 9.9 Fighting
 - Level 8.0(9.0) Short Blades
 + Level 6.9(8.9) Long Blades
 - Level 3.6 Armour
 - Level 10.3 Dodging
 - Level 3.6 Shields
 - Level 4.0 Invocations


You had 10 spell levels left.
You didn't know any spells.
Your spell library contained the following spells:

 Spells                   Type           Power      Damage    Failure   Level
 Hailstorm                Conj/Ice       0%         3d3       92%         3
 Ice Form                 Ice/Tmut       0%         N/A       100%        4
 Orb of Destruction       Conj           0%         9d5       100%        7
 Summon Guardian Golem    Hex/Summ       Unusable   N/A       N/A         3
 Simulacrum               Ice/Necr       Unusable   N/A       N/A         6
 Spellforged Servitor     Conj/Summ      Unusable   N/A       N/A         7

Dungeon Overview and Level Annotations

Branches:
Dungeon (9/15) Zot: 1200   Temple (0/1) D:6            Lair (3/5) D:9 Zot: 1695
  Swamp: Lair:2-3    Shoals: Lair:2-3     Snake: Lair:2-3    Spider: Lair:2-3
    Orc: D:9-12

Altars:
Dithmenos
Makhleb
Okawaru

Shops:
D:4 **

Annotations:
D:8 1 runed translucent door, brightshaft's ghost, novice GnGl


Innate Abilities, Weirdness & Mutations

You passively map the area around you.
You are easily found by Zot.
You glow in the dark.
You regain HP and MP as you explore.


Message History

The bullfrog is heavily wounded.
The bullfrog closely misses you.
You barely miss the bullfrog.
The bullfrog is heavily wounded.
You block the bullfrog's attack.
A bullfrog is nearby!
You slash the bullfrog!
The bullfrog is almost dead.
The bullfrog closely misses you. x2
A komodo dragon comes into view.
The komodo dragon hisses angrily.
You slash the bullfrog!
You kill the bullfrog!
Okawaru accepts your kill.
You see here a bullfrog corpse.
The komodo dragon bites you!!
A komodo dragon is nearby!
You slash the komodo dragon!
The komodo dragon is moderately wounded.
You hit the komodo dragon.
The komodo dragon is moderately wounded.
The komodo dragon bites you!
A komodo dragon is nearby!
You slash the komodo dragon!
The komodo dragon is heavily wounded.
The komodo dragon bites you!
* * * LOW HITPOINT WARNING * * *
You hit the komodo dragon.
The komodo dragon is heavily wounded.
The komodo dragon bites you!
* * * LOW HITPOINT WARNING * * *
You completely miss the komodo dragon.
The komodo dragon is heavily wounded.
The komodo dragon hisses menacingly.
The komodo dragon bites you!!
* * * LOW HITPOINT WARNING * * *
You slash the komodo dragon!
The komodo dragon is almost dead.
The komodo dragon bites you!!
You die...

##......####*
* ##..#.###
** * #P....#,
,,,,, ##..#.#
#.##.# , * ,
#....#* , * *
##..#.#* , *
* #...†.#*
#P..@.# ** ,*
##..l..# , ,
, #.....##
*,+,, ,
##..... * *
,,,, .......
, , , ,
#........ ,,
,* ##..##...#
, ,* , ,, #..
..+#*, * , ,


You could see a komodo dragon.

Vanquished Creatures
  The ghost of Ekaitz the Reanimator, a novice DsNe (D:7)
  An elephant (Lair:1)
  Joseph (D:9)
  A cane toad (Lair:1)
  Maggie (D:7)
  A hornet (D:8)
  Sigmund (D:2)
  5 yaks (D:8)
  A wyvern (D:8)
  A steam dragon (D:8)
  Duvessa (D:5)
  2 orc warriors (D:7)
  A black bear (D:5)
  2 sky beasts
  2 ice beasts
  A centaur (D:6)
  A phantom (D:7)
  2 bullfrogs
  4 wights (D:7)
  Dowan (D:5)
  8 killer bees
  A howler monkey (D:9)
  3 orc priests
  A hound (D:6)
  2 jellies
  2 iguanas
  Terence (D:2)
  5 orc wizards
  Natasha (thrice) (D:2)
  2 adders
  A white imp (D:5)
  A worm (D:3)
  28 orcs
  5 endoplasms
  2 giant cockroaches
  6 goblins
  5 hobgoblins
  4 jackals
  2 quokkas
  4 ball pythons
  3 bats
  7 frilled lizards
  6 kobolds
  4 rats
137 creatures vanquished.

Vanquished Creatures (others)
  A fungus (Lair:2)
  6 plants (D:8)
7 creatures vanquished.

Grand Total: 144 creatures vanquished

Notes
Turn   | Place    | Note
-------+----------+-------------------------------------------
     0 | D:1      | lunkers the Meteoran Fighter began the quest for the Orb.
     0 | D:1      | Reached XP level 1. HP: 19/19 MP: 2/2
    42 | D:1      | Reached XP level 2. HP: 25/26 MP: 3/3
   300 | D:1      | Reached XP level 3. HP: 31/31 MP: 4/4
   433 | D:2      | Noticed Natasha
   447 | D:2      | Killed Natasha
   448 | D:2      | Reached XP level 4. HP: 11/38 MP: 5/5
   575 | D:2      | Noticed Natasha
   584 | D:2      | Killed Natasha
   668 | D:2      | Reached skill level 5 in Short Blades
   670 | D:2      | Reached XP level 5. HP: 41/45 MP: 6/6
   685 | D:2      | Noticed Sigmund
   699 | D:2      | Killed Sigmund
   700 | D:2      | Reached skill level 2 in Dodging
   700 | D:2      | Reached XP level 6. HP: 34/52 MP: 7/7
   792 | D:2      | Found a shadowy altar of Dithmenos.
   796 | D:2      | Noticed Natasha
   810 | D:2      | Killed Natasha
   819 | D:2      | Noticed Terence
   824 | D:2      | Killed Terence
   976 | D:3      | Reached XP level 7. HP: 60/60 MP: 8/8
  1184 | D:3      | Reached skill level 3 in Dodging
  1232 | D:4      | Found Hiasomad's Specific Store.
  1233 | D:4      | Found Kamy's General Store.
  1585 | D:5      | Entered Level 5 of the Dungeon
  1634 | D:5      | Noticed Duvessa
  1635 | D:5      | Noticed Dowan
  1645 | D:5      | Killed Duvessa
  1657 | D:5      | Killed Dowan
  1774 | D:5      | Reached skill level 5 in Fighting
  1774 | D:5      | Reached XP level 8. HP: 51/68 MP: 9/9
  1781 | D:5      | Found an iron altar of Okawaru.
  1794 | D:5      | Became a worshipper of Warmaster Okawaru
  1834 | D:5      | Reached skill level 4 in Dodging
  2287 | D:6      | Found a staircase to the Ecumenical Temple.
  2373 | D:6      | Reached * piety under Okawaru
  2511 | D:6      | Found a burning altar of Makhleb.
  2516 | D:6      | Reached skill level 5 in Dodging
  2614 | D:7      | Gained mutation: You passively map the area around you.
                  | [Meteoran growth]
  2614 | D:7      | Reached XP level 9. HP: 47/75 MP: 10/10
  2710 | D:7      | Reached skill level 6 in Dodging
  2749 | D:7      | Reached skill level 1 in Invocations
  2835 | D:7      | Reached ** piety under Okawaru
  2848 | D:7      | Found a runed translucent gate.
  2848 | D:7      | Noticed Ekaitz's ghost (novice DsNe)
  2849 | D:7      | Found a runed translucent gate.
  2850 | D:7      | Found a runed translucent gate.
  3004 | D:7      | Identified the +1 chain mail of Patterns {Drain rPois Str+4
                  | Stlth+}
  3065 | D:7      | Reached skill level 7 in Dodging
  3072 | D:7      | Killed Ekaitz's ghost
  3073 | D:7      | Reached skill level 8 in Dodging
  3073 | D:7      | Reached XP level 10. HP: 67/88 MP: 11/14
  3199 | D:7      | Noticed Maggie
  3225 | D:7      | Killed Maggie
  3293 | D:8      | Reached skill level 9 in Dodging
  3411 | D:8      | Reached *** piety under Okawaru
  3502 | D:8      | Reached skill level 10 in Dodging
  3723 | D:8      | Found a runed translucent door.
  3725 | D:8      | Noticed brightshaft's ghost (novice GnGl)
  3725 | D:8      | Identified the +8 trident of Ceol {holy, rElec rPois rN+++
                  | Int-2}
  3907 | D:8      | Reached **** piety under Okawaru
  4146 | D:8      | Identified the -1 pair of boots of Utasekh {Slay+6 SInv}
  4189 | D:9      | Noticed Joseph
  4203 | D:9      | Killed Joseph
  4204 | D:9      | Reached XP level 11. HP: 37/99 MP: 15/15
  4241 | D:9      | Found a staircase to the Lair.
  4276 | Lair:1   | Entered Level 1 of the Lair of Beasts
  4307 | Lair:1   | Reached skill level 5 in Long Blades
  4310 | Lair:2   | Noticed an elephant
  4310 | Lair:2   | Noticed an elephant
  4310 | Lair:2   | Noticed an elephant
  4310 | Lair:2   | Noticed an elephant
  4310 | Lair:2   | Noticed an elephant
  4311 | Lair:2   | Noticed an elephant
  4321 | Lair:1   | Killed an elephant
  4381 | Lair:3   | Mangled by a komodo dragon

Illustrated notes

Levels and vault maps discovered:
D:1:      lemuel_arrival_cross, layout_basic, grunt_decor_junction
D:2:      layout_basic, basic_altar, minmay_fractal_squares_5, uniq_terence,
          uniq_natasha, uniq_sigmund
D:3:      layout_loops_cross
D:4:      layout_basic, nicolae_specific_store, minmay_puff
D:5:      nicolae_BIG_FREAKIN_CUBE, layout_loops_ring,
          kennysheep_okawaru_gauntlet, amethyst_killhole, uniq_duvessa
D:6:      layout_loops_ring, makhleb_blood_cavern_becter,
          nicolae_overflow_hidden_temple, minmay_temple_entry_mini_moons,
          minmay_misc_feat_doors, minivault_4
D:7:      layout_layer_cave, biasface_ghost_orc_armoury, uniq_maggie
D:8:      layout_basic, ebering_ghost_funeral_grove
D:9:      layout_loops_ring, dpeg_oklobed_lair, uniq_joseph
Lair:1:   layout_loops_ring, st_stairs_5, beast_lair_carwin_3, uniq_erica
Lair:2:   layout_regular_city, spider_nest_entry_funnel_web, grunt_megastairs_3
Lair:3:   layout_regular_city, swamp_mist, gammafunk_ghost_wrathful_warriors,
          kennysheep_abandoned_house, serial_bayou_shore_a

Skill      XL: |  1  2  3  4  5  6  7  8  9 10 11 |
---------------+----------------------------------+-----
Short Blades   | 3 4 5 6 7 8 |  8.0
Dodging        | 2 3 5 8 10 | 10.3
Fighting       | 4 5 6 8 9 |  9.9
Invocations    | 4 |  4.0
Long Blades    | 4 6 |  6.9
Armour         | |  3.6
Shields        | |  3.6

Action                   |  1- 3 |  4- 6 |  7- 9 | 10-12 || total
-------------------------+-------+-------+-------+-------++-------
Melee: Rapier            |    32 |    77 |   260 |   174 ||   543
       Short sword       |    30 |     8 |    11 |       ||    49
       Falchion          |       |       |       |    73 ||    73
Throw: Javelin           |     1 |       |       |       ||     1
Invok: Heroism           |       |       |     2 |     3 ||     5
  Use: Potion            |       |       |     1 |       ||     1
       Scroll            |       |       |       |    15 ||    15
Armor: Scale mail        |    33 |    38 |    76 |     4 ||   151
       Swamp dragon scal |       |       |       |    41 ||    41
Dodge: Dodged            |    20 |    22 |   110 |   136 ||   288
Block: Buckler           |    13 |    15 |    64 |    59 ||   151

Table legend: (Time is in decaauts)
 A = Elapsed time spent in this place.
 B = Non-inter-level travel time spent in this place.
 C = Inter-level travel time spent in this place.
 D = Time resting spent in this place.
 E = Time spent auto-exploring this place.
 F = Levels seen in this place.
 G = Mean time per level.
                   A        B        C        D        E       F      G
               +--------+--------+--------+--------+--------+-----+--------+
         Total |   4303 |   4040 |    263 |      0 |   2765 |  12 |  358.6 |
       Dungeon |   4199 |   3936 |    263 |      0 |   2738 |   9 |  466.6 |
          Lair |    103 |    103 |      0 |      0 |     27 |   3 |   34.3 |
               +--------+--------+--------+--------+--------+-----+--------+

Top non-repeatable levels by time:
     D:8: 884 daAuts
     D:7: 671 daAuts
     D:5: 564 daAuts
     D:2: 492 daAuts
     D:1: 413 daAuts
     D:6: 394 daAuts
     D:4: 354 daAuts
     D:3: 339 daAuts
     D:9: 85 daAuts
  Lair:1: 43 daAuts
  Lair:2: 39 daAuts
  Lair:3: 20 daAuts
